Map: Orbital Shipyard

Players

LilDicky

  • Race: Zerg Zerg
  • League: Diamond

viperfall - Winner!

  • Race: Terran Terran
  • League: Gold

VOD

http://www.twitch.tv/tumescentpie

Description

Time

  • Played on: Nov. 25, 2015, 12:18 p.m.
  • Length: 19:50
Show
View Real Time Build Order
Export as new Build Order

LilDicky Zerg 

Build Orders: 3 Hatch before Pool 

Get SALT Encoding   

  12  0:02  Drone  
  13  0:08  Drone  
  14  0:42  Hatchery  
  13  0:44  Drone  
  14  1:05  Hatchery  
  13  1:19  Spawning Pool  
  13  1:20  Drone  
  13  1:25  Drone  
  14  1:56  Drone x2  
  14  1:57  Drone x2, Extractor  
  17  2:08  Drone  
  17  2:09  Drone  
  17  2:15  Drone  
  20  2:16  Queen  
  20  2:17  Queen  
  24  2:25  Zergling x2  
  24  2:28  Zergling x2  
  26  2:34  Overlord  
  25  2:50  Extractor  
  24  2:54  Queen  
  24  2:55  Queen  
  28  3:03  Queen  
  30  3:23  Overlord x2  
  30  4:04  Drone  
  30  4:05  Drone x11  
  42  4:36  Overlord  
  42  4:37  Overlord  
  42  4:53  Lair, Roach Warren  
  41  5:12  Metabolic Boost  
  41  5:14  Drone  
  41  5:15  Drone x16  
  58  6:01  Overlord x3  
  58  6:25  Glial Reconstitution  
  58  6:28  Roach  
  58  6:29  Roach x11  
  58  6:30  Overlord x3  
  82  6:42  Overlord x2  
  82  6:43  Overlord  
  82  6:56  Roach  
  82  6:57  Roach x11  
  82  7:00  Overlord x3  
  106  7:26  Roach x14  
  134  7:42  Drone  
  134  7:43  Evolution Chamber  
  134  7:45  Extractor x2  
  134  7:46  Evolution Chamber  
  131  8:34  Zerg Melee Weapons Level 1  
  131  8:35  Hatchery, Zerg Ground Armor Level 1  
  131  8:40  Infestation Pit  
  129  8:43  Overlord x5  
  129  8:56  Spine Crawler  
  129  8:57  Spine Crawler  
  129  8:59  Spore Crawler  
  129  9:00  Spore Crawler  
  125  9:02  Spine Crawler  
  125  9:06  Extractor x2  
  122  9:29  Burrow  
  70  9:42  Roach  
  70  9:43  Roach x23  
  90  10:14  Roach x7  
  76  10:15  Roach x6  
  72  10:22  Roach x3  
  72  10:23  Roach  
  72  10:36  Roach x5  
  72  10:43  Zerg Melee Weapons Level 2  
  64  11:01  Tunneling Claws  
  64  11:20  Hatchery  
  64  11:21  Drone x3  
  66  11:34  Roach  
  66  11:35  Roach x11  
  90  12:22  Drone x8  
  98  12:23  Drone x5  
  103  12:45  Roach  
  103  12:46  Roach x5  
  115  12:54  Hive  
  115  12:55  Roach x6  
  115  13:04  Roach x4  
  115  13:05  Roach x5  
  115  13:07  Roach x9  
  115  13:31  Roach x8  
  111  13:35  Roach x5  
  107  13:48  Roach x5  
  101  13:49  Roach x15  
  139  13:56  Roach x2  
  139  14:21  Roach x4  
  139  14:22  Roach x4  
  139  14:25  Roach x6  
  139  14:26  Roach x9  
  159  14:34  Ultralisk Cavern  
  159  14:35  Zerg Ground Armor Level 2  
  159  14:38  Zerg Melee Weapons Level 3  
  154  14:45  Roach x5  
  154  14:48  Roach x2  
  146  14:56  Roach x5  
  138  15:07  Roach x3  
  138  15:19  Roach  
  132  15:42  Roach x2  
  130  15:56  Ultralisk  
  160  15:57  Ultralisk x4  
  158  16:13  Roach x20  
  158  16:14  Ultralisk  
  162  16:19  Spine Crawler x2  
  162  16:20  Spine Crawler  
  162  16:22  Spine Crawler  
  146  16:26  Roach  
  146  16:27  Spine Crawler x2  
  126  16:39  Roach  
  12  18:16  Drone  
  12  18:21  Drone  
  12  18:26  Hatchery  
  11  18:43  Hatchery  
Show
View Real Time Build Order
Export as new Build Order

viperfall Terran - Winner!

Build Orders: MMM Bio 

Get SALT Encoding   

  12  0:04  SCV  
  13  0:21  Supply Depot  
  13  0:24  SCV  
  14  0:36  SCV  
  15  0:43  Refinery  
  15  0:45  Barracks  
  15  0:48  SCV  
  16  1:00  SCV  
  17  1:12  SCV  
  18  1:24  SCV  
  19  1:33  Supply Depot, Reaper  
  19  1:36  SCV  
  21  1:46  Command Center  
  21  1:55  Orbital Command  
  21  2:06  Factory  
  21  2:10  Marine  
  22  2:19  Refinery  
  22  2:23  SCV  
  22  2:27  Marine  
  24  3:00  Orbital Command  
  24  3:04  Barracks  
  24  3:07  Marine  
  24  3:10  Factory Tech Lab  
  24  3:12  Starport  
  25  3:13  SCV  
  26  3:25  SCV, Marine  
  28  3:33  Siege Tank  
  31  3:36  Orbital Command  
  31  3:43  Marine  
  32  3:50  Starport Reactor  
  32  3:52  Barracks  
  32  3:54  Supply Depot, Barracks Tech Lab  
  32  4:00  Marine  
  33  4:18  Marine  
  34  4:26  Marine  
  34  4:31  Medivac x2  
  39  4:34  Supply Depot  
  39  4:36  Marine  
  40  4:44  Marine  
  41  5:05  Marine  
  41  5:06  Marine  
  43  5:09  Combat Shields  
  43  5:13  Barracks Tech Lab  
  43  5:18  SCV x2  
  45  5:23  Marine x2  
  45  5:25  Barracks  
  45  5:26  Engineering Bay  
  47  5:30  SCV x2  
  49  5:42  SCV x2  
  51  5:54  SCV x2  
  53  5:58  Marine x3  
  56  6:06  SCV x2  
  56  6:09  Terran Infantry Weapons Level 1, Supply Depot  
  58  6:12  Barracks Tech Lab  
  58  6:15  Medivac x2  
  62  6:22  Supply Depot  
  62  6:23  Marine x3  
  62  6:24  SCV x2  
  67  6:32  Supply Depot  
  67  6:35  Marine  
  67  6:36  SCV x2  
  70  6:41  Marine x3  
  73  6:48  SCV x2  
  73  6:51  Command Center  
  75  6:54  Marine  
  75  6:57  Concussive Shells  
  75  6:59  Marauder, Stimpack, Marine x2  
  80  7:04  Engineering Bay  
  80  7:07  SCV, Refinery  
  81  7:12  Marine  
  81  7:13  Refinery  
  82  7:16  Marine  
  82  7:17  Marauder  
  82  7:20  Marine  
  86  7:29  Marine  
  85  7:30  Terran Infantry Armor Level 1  
  85  7:31  Supply Depot  
  85  7:32  SCV  
  85  7:33  SCV  
  88  7:37  Marine  
  88  7:38  Marine  
  88  7:43  Siege Tank  
  93  7:45  SCV x2  
  95  7:55  Supply Depot  
  95  7:57  SCV x2  
  95  8:00  Marine x4  
  95  8:03  Orbital Command  
  99  8:09  SCV x2  
  101  8:16  Medivac  
  101  8:17  Marine  
  101  8:18  Supply Depot, Marine x3  
  107  8:21  SCV x2  
  109  8:33  SCV x3  
  112  8:35  Marine  
  112  8:36  Marine  
  112  8:37  Refinery, Marine  
  112  8:38  Marine  
  116  8:43  Armory  
  116  8:45  SCV x3  
  119  8:53  Marine  
  119  8:54  Marine  
  119  8:55  Marine  
  122  8:56  Marine  
  122  8:57  SCV x3  
  126  9:09  SCV  
  127  9:11  Marine x2  
  127  9:13  Marine  
  127  9:14  Marine  
  131  9:29  Marine x2  
  131  9:30  Marine  
  132  9:32  Marine  
  115  9:47  Marine x2  
  115  9:48  Marine  
  115  9:49  Marine  
  119  10:04  Marine  
  119  10:05  Marine  
  119  10:06  Marine  
  122  10:07  Marine  
  110  10:22  Marine  
  110  10:23  Marauder  
  110  10:24  Marauder  
  110  10:25  Marine  
  114  10:40  Marine  
  115  10:43  Marine  
  115  10:45  Marine, Marauder  
  102  10:58  Marine  
  102  11:00  Terran Infantry Weapons Level 2  
  102  11:01  Marauder, Terran Infantry Armor Level 2  
  102  11:03  Marine  
  102  11:04  SCV x3  
  106  11:05  Marine  
  106  11:10  Refinery  
  109  11:16  Marine  
  110  11:21  Marine  
  110  11:22  Marine  
  110  11:23  Marine  
  113  11:33  Marine  
  113  11:39  Marine  
  115  11:40  Marine  
  115  11:41  SCV x2, Marine  
  115  11:46  Barracks  
  119  11:47  SCV  
  119  11:50  Barracks  
  119  11:51  Barracks, Marine  
  119  11:52  Barracks  
  121  11:55  Barracks  
  121  11:56  Marine  
  121  11:58  Marauder  
  121  11:59  SCV, Marauder  
  127  12:01  SCV  
  127  12:02  SCV  
  127  12:03  Supply Depot, Medivac x2  
  133  12:09  Marine  
  133  12:11  SCV  
  133  12:14  Marine  
  136  12:19  Marine  
  136  12:20  Marine  
  138  12:27  Supply Depot, Marine  
  139  12:32  Marine  
  139  12:33  Medivac x2  
  144  12:37  Marine  
  144  12:38  Marine  
  144  12:39  Barracks Tech Lab  
  144  12:42  Barracks Tech Lab  
  144  12:43  Barracks Reactor  
  146  12:44  Command Center  
  146  12:45  Marine  
  146  12:46  Barracks Tech Lab x2  
  146  12:50  Supply Depot x2, Marine  
  148  12:52  Supply Depot x2  
  148  12:54  Supply Depot  
  148  12:55  Marine  
  148  12:56  Marine  
  150  13:02  Marine x3  
  153  13:07  Marine x2  
  153  13:08  Marine  
  156  13:12  Marine  
  156  13:14  Marine  
  156  13:20  Marine x3  
  156  13:23  Marine x2  
  156  13:25  Marine x2  
  156  13:26  Marine  
  160  13:30  Marine  
  160  13:31  Marine  
  152  13:37  Marine x2  
  152  13:38  Marine  
  149  13:41  Marine x2  
  149  13:43  Marine x2  
  149  13:44  Marauder  
  149  13:48  Marine  
  153  13:49  Marine  
  153  13:55  Marine x2  
  154  13:56  Marine  
  154  13:59  Marine x2  
  154  14:01  Marine x2  
  157  14:05  Marine  
  157  14:06  Marine  
  157  14:07  Marine  
  157  14:13  Marine x2  
  157  14:14  Marine  
  157  14:17  Marine x2  
  156  14:19  Marine x2  
  156  14:23  Marine  
  156  14:24  Marine  
  159  14:25  Marine  
  159  14:31  Marine x2  
  159  14:41  Marine x5  
  159  14:42  Marine  
  159  14:58  Marine x4  
  161  15:07  Marine x5  
  161  15:08  Marine  
  160  15:16  Marine x3  
  153  15:52  Marine x3  
  153  15:53  Marine x6  
  153  15:54  Marine  
  163  16:10  Marine x4  
  163  16:11  Marine x6  
  162  16:28  Marine x5  
  143  17:04  Marine x3  
  143  17:05  Marine x5  
  143  17:06  Marine x2  
  149  17:22  Marine x3  
  149  17:28  Marine  
  152  17:46  Marine  
  153  17:56  Marine  
  154  19:13  Marine x10  
  164  19:30  Marine  
  164  19:31  Marine x9  
Tags
 
Add a new tag
Caveats
  • Supply blocks, unpowered buildings, or Contaminate may cause inaccurate times.
  • Supply counts are checked every 10 seconds.